 Dungeon Crawl Stone Soup version 0.31-a0-277-g31ea1f65cc (webtiles) character file.

Game seed: 12046681413557401975

2 drugrobin the Sneak (level 1, 0/18 HPs)
             Began as a Demigod Delver on July 15, 2023.
             Succumbed to an adder's poison
             ... on level 4 of the Dungeon.
             The game lasted 00:01:21 (196 turns).

drugrobin the Sneak (Demigod Delver)                 Turns: 196, Time: 00:01:22

Health: 0/18       AC:  3    Str: 12 (13) XL:     1   Next: 20%
Magic:  3/3        EV: 11    Int: 11 (12) God:
Gold:   34         SH:  0    Dex: 14 (15) Spells: 0/0 levels left

rFire   . . .        a - +0 spear
rCold   . . .        (no shield)
rNeg    . . .        b - +0 leather armour
rPois   .            (no helmet)
rElec   .            (no cloak)
rCorr   .            (no gloves)
SInv    .            (no boots)
Will    .....        (no amulet)
Stlth   ++           (no ring)
HPRegen 0.23/turn    (no ring)
MPRegen 0.08/turn

%: no passive effects
@: lethally poisoned (0 -> -7)
A: high MP 1, forlorn, divine attributes
a: no special abilities


You were on level 4 of the Dungeon.
You visited 1 branch of the dungeon, and saw 2 of its levels.

You collected 34 gold pieces.

Inventory:

Hand Weapons
 a - a +0 spear (weapon)
Armour
 b - a +0 leather armour (worn)
Wands
 g - a wand of digging (3)
Scrolls
 c - a scroll of fog
 d - a scroll of revelation
 e - a scroll of fear
 i - a scroll of identify {unknown}
Potions
 f - 3 potions of haste


   Skills:
 - Level 2.6 Fighting
 + Level 2.0 Polearms
 - Level 1.7 Dodging
 - Level 4.5 Stealth


You couldn't memorise any spells.
You didn't know any spells.
Your spell library was empty.

Dungeon Overview and Level Annotations

Branches:
Dungeon (5/15)
 Temple: D:4-7

Annotations:
D:4 exclusions: iguana and jelly
D:5 exclusion: ice beast


Innate Abilities, Weirdness & Mutations

You have an increased reservoir of magic. (+10% MP)
You shall have no god before yourself.
Your divine heritage dramatically boosts your attributes as you level up.


Message History

Press: ? - help, Dir - move target, f - adder
Aim: an adder (about 54% to evade your +0 spear)
You reach to attack!
You hit the adder but do no damage.
Unknown command.
You hit the adder but do no damage. The adder bites you but does no damage.
You hit the adder.
The adder is heavily wounded.
The adder bites you. The adder closely misses you.
You closely miss the adder.
The adder is heavily wounded.
The adder barely misses you. The quokka bites you.
You barely miss the adder.
The adder is heavily wounded.
The adder bites you.
You are poisoned.
The adder poisons you! The quokka closely misses you.
You completely miss the adder.
The adder is heavily wounded.
You feel sick. The adder bites you.
The quokka bites you but does no damage.
The adder bites you but does no damage.
You miss the adder.
The adder is heavily wounded.
You feel sick.
The quokka twitches its whiskers.
The quokka bites you but does no damage.
The adder bites you.
You hit the adder.
The adder is almost dead.
You feel sick. The quokka bites you.
* * * LOW HITPOINT WARNING * * *
The adder bites you.
* * * LOW HITPOINT WARNING * * *
You are lethally poisoned!
The adder poisons you! The quokka misses you.
Okay, then.
It was a potion of degeneration.
There was something very wrong with that liquid.
You feel weakened.
You feel dopey.
You feel clumsy.
You die...

........'.............>#
##......#.(....###...#.#
#......#########..###.#
#.###### #.## #.# #
#.####.# #....#[#
##.##.#.####
#####..#..#.....
##########.S@...#........
...........r..#..).....#
.....................#.#
..............#..###.#
≈##########++##......#
...#...#...#
S.h.#####...# .....# ....
..(...# #.J..


You could see an adder and a quokka.

Vanquished Creatures
  A ball python (D:4)
  A kobold (D:4)
2 creatures vanquished.

Notes
Turn   | Place    | Note
-------+----------+-------------------------------------------
     0 | D:5      | drugrobin the Demigod Delver began the quest for the Orb.
     0 | D:5      | Reached XP level 1. HP: 18/18 MP: 3/3
    33 | D:5      | Noticed an ice beast
   147 | D:4      | Noticed an iguana
   171 | D:4      | Noticed a jelly
   177 | D:4      | Noticed a hound
   196 | D:4      | Succumbed to an adder's poison

Illustrated notes

Levels and vault maps discovered:
D:4:      layout_basic, cheibrodos_sewer_entry_drain,
          kennysheep_opposing_triangles
D:5:      layout_rooms

Skill      XL: |  1 |
---------------+----+-----
Polearms       | 2 |  2.0
Fighting       | |  2.6
Dodging        | |  1.7
Stealth        | |  4.5

Action                     || total
---------------------------++-------
  Melee: Spear             ||    10
    Use: Potion            ||     1
   Stab: Sleeping          ||     2
 Armour: Leather armour    ||     4
  Dodge: Dodged            ||     4

Table legend: (Time is in decaauts)
 A = Elapsed time spent in this place.
 B = Non-inter-level travel time spent in this place.
 C = Inter-level travel time spent in this place.
 D = Time resting spent in this place.
 E = Time spent auto-exploring this place.
 F = Levels seen in this place.
 G = Mean time per level.
                   A        B        C        D        E       F      G
               +--------+--------+--------+--------+--------+-----+--------+
         Total |    195 |    186 |      9 |      0 |     98 |   2 |   97.5 |
       Dungeon |    195 |    186 |      9 |      0 |     98 |   2 |   97.5 |
               +--------+--------+--------+--------+--------+-----+--------+

Top non-repeatable levels by time:
     D:5: 131 daAuts
     D:4: 64 daAuts
